Saguenéens vs Knights
(R1)
Created - May 11, 2018 at 19:00
Goals
|
| Saguenéens |
0 |
2 |
4 |
6 |
| Knights |
0 |
1 |
1 |
2 |
|
Shots
|
| Saguenéens |
7 |
14 |
10 |
31 |
| Knights |
8 |
13 |
16 |
37 |
|
1st period
No Goal
Penalties :
Jimmy Hayes (Lon) for High sticking (Minor) at 5:47, Patrick Sieloff (Chi) for Delaying the game (Minor) at 8:32, Jacob Trouba (Lon) for Hooking (Minor) at 13:42, Jordan Martinook (Lon) for Elbowing (Minor) at 18:19
2nd period
1. Saguenéens , Carson Mcmillan 4 (Jake McCabe 3, Nick Mattson 1) at 9:27 (PP)
2. Saguenéens , Jake McCabe 2 (Nikita Kucherov 2, Carl Hagelin 2) at 10:45 (PP)
3. Knights , Michael Raffl 3 (Jimmy Hayes 5, Cody Bass 3) at 11:51 (PP)
Penalties :
Michael Raffl (Lon) for Fighting (Major) at 4:03, Zac Rinaldo (Chi) for Fighting (Major) at 4:03, Martin Jones (Chi) for Slashing (Minor) at 4:17 - Brett Lebda served the penalty, A.J. Jenks (Lon) for High sticking (Minor) at 9:10, Noel Acciari (Lon) for Holding (Minor) at 10:07, Zac Rinaldo (Chi) for Boarding (Minor) at 11:08, Carl Hagelin (Chi) for Holding (Minor) at 14:18, Stefan Matteau (Lon) for Hooking (Minor) at 16:43
3rd period
4. Knights , Linden Vey 2 (Nikita Nikitin 3, Noel Acciari 2) at 6:45 (PP)
5. Saguenéens , Jerry D'Amigo 2 (Henrik Samuelsson 2, Patrick Sieloff 2) at 9:57
6. Saguenéens , Juraj Mikus 1 (Brett Lebda 2, Martin Jones) at 12:00
7. Saguenéens , Carl Hagelin 3 (Juraj Mikus 2, Patrick Sieloff 3) at 12:57
8. Saguenéens , Jerry D'Amigo 3 (Mikhail Grigorenko 2) at 18:50
Penalties :
Tomas Kundratek (Lon) for Roughing (Minor) at 1:01, A.J. Jenks (Lon) for Interference (Minor) at 3:44, Nick Mattson (Chi) for Roughing (Minor) at 6:36, Cody Bass (Lon) for High sticking (Minor) at 7:13, Tomas Kundratek (Lon) for Tripping (Minor) at 16:38, Nick Mattson (Chi) for Cross-checking (Minor) at 19:24
Goalie Stats
Martin Jones (Chi), 35 saves from 37 shots - (0.946), W, 3-2-1, 60:00 minutes
Magnus Hellberg (Lon), 25 saves from 31 shots - (0.806), L, 1-1-0, 60:00 minutes
Players Stats for Saguenéens
Player Name G A P +/- PIM S H SB GA TA FO MP PP MP PK MP
------------------------------------------------------------------------------------
Artur Gavrus 0 0 0 0 0 0 0 0 0 0 0/0 0:00 0:00 0:00
Brett Lebda 0 1 1 1 0 1 1 3 1 0 0/0 28:47 9:53 3:42
Brody Sutter 0 0 0 0 0 0 0 0 0 0 0/0 0:00 0:00 0:00
Calle Andersson 0 0 0 3 0 0 0 1 0 0 0/0 10:20 0:00 0:48
Carl Hagelin 1 1 2 1 2 2 1 1 0 0 0/0 17:02 7:31 0:00
Carson Mcmillan 1 0 1 0 0 4 2 0 1 0 4/11 25:22 9:16 4:38
Craig Cunningham 0 0 0 1 0 5 1 0 0 0 0/0 9:58 0:00 0:50
Henrik Samuelsson 0 1 1 1 0 0 1 0 0 1 3/4 8:06 0:00 0:00
Jake McCabe 1 1 2 0 0 3 0 1 0 0 0/0 20:34 6:54 2:33
Jerry D'Amigo 2 0 2 2 0 3 0 0 1 0 0/0 6:06 0:00 0:00
Juraj Mikus 1 1 2 1 0 3 1 0 1 0 4/11 16:37 7:31 0:00
Luke Witkowski 0 0 0 1 0 0 1 3 0 1 0/0 27:13 9:53 4:51
Mason Raymond 0 0 0 0 0 4 8 0 1 0 0/2 25:22 9:16 4:38
Mikhail Grigorenko 0 1 1 2 0 0 0 0 0 0 3/5 6:21 0:00 0:15
Nicholas Walters 0 0 0 0 0 0 0 0 0 0 0/0 3:25 0:00 0:33
Nick Mattson 0 1 1 0 4 2 1 1 2 0 0/0 20:20 6:54 2:21
Nikita Kucherov 0 1 1 1 0 0 3 0 1 1 1/2 18:46 7:31 1:56
Patrick Sieloff 0 2 2 3 2 1 1 1 0 0 0/0 9:55 0:00 0:00
Rhett Rakhshani 0 0 0 1 0 1 1 0 1 0 0/2 9:11 0:25 0:00
Tanner Richard 0 0 0 0 0 0 0 0 0 0 0/0 0:00 0:00 0:00
Teemu Pulkkinen 0 0 0 2 0 0 0 0 0 0 1/1 8:20 0:00 1:11
Zac Rinaldo 0 0 0 0 7 2 2 0 1 0 11/20 20:45 8:51 1:20
Players Stats for Knights
Player Name G A P +/- PIM S H SB GA TA FO MP PP MP PK MP
------------------------------------------------------------------------------------
A.J. Jenks 0 0 0 0 4 2 2 0 0 0 0/0 10:24 0:00 0:00
Brendan Gaunce 0 0 0 -2 0 1 0 0 0 0 1/3 6:07 0:00 0:00
Cody Bass 0 1 1 0 2 0 3 3 0 0 21/32 23:30 4:16 7:55
Jacob Trouba 0 0 0 -1 2 2 1 2 0 3 0/0 18:58 0:00 6:14
Jared Spurgeon 0 0 0 -2 0 4 0 1 0 3 0/0 31:08 4:47 9:52
Jimmy Hayes 0 1 1 0 2 5 2 1 2 0 2/3 19:32 4:16 4:25
Jordan Martinook 0 0 0 -2 2 2 1 0 0 0 0/0 7:44 0:00 0:00
Kevin Hayes 0 0 0 0 0 1 2 0 0 0 0/0 17:54 3:08 5:05
Linden Vey 1 0 1 -2 0 2 0 1 0 0 0/1 8:59 3:08 0:00
Michael Raffl 1 0 1 0 5 6 5 1 0 1 0/2 23:08 3:08 8:53
Nikita Nikitin 0 1 1 -1 0 2 2 0 0 1 0/0 15:24 4:47 0:35
Noel Acciari 0 1 1 0 2 1 1 0 0 0 7/11 17:30 3:08 3:40
Scott Jackson 0 0 0 -1 0 0 0 0 0 0 0/0 17:54 2:37 7:05
Scott Wilson 0 0 0 -2 0 1 1 0 0 0 0/0 9:56 0:13 2:49
Stefan Matteau 0 0 0 -2 2 3 0 0 0 1 0/6 8:50 0:00 0:47
Tom Wilson 0 0 0 -2 0 2 0 0 0 0 0/0 9:08 0:55 0:00
Tomas Kundratek 0 0 0 -2 4 2 1 1 0 1 0/0 17:50 2:37 0:00
Zach Trotman 0 0 0 -1 0 1 0 2 1 0 0/0 19:06 0:00 9:48
3 Stars
1 - Jerry D'Amigo (Chi)
2 - Juraj Mikus (Chi)
3 - Martin Jones (Chi)
Power Play
Saguenéens - 2 on 10 Attempt(s) - 20.00%
Knights - 2 on 6 Attempt(s) - 33.33%
Penalty Kill
Saguenéens - 4 on 6 Attempt(s) - 66.67%
- Score 0 goal in Penalty Kill
Knights - 8 on 10 Attempt(s) - 80.00%
- Score 0 goal in Penalty Kill
Team Stat
Saguenéens - Hits : 24 - Faceoff Wins : 27 - Blocked Shots : 11 - Penalty Minutes : 17
Knights - Hits : 21 - Faceoff Wins : 31 - Blocked Shots : 12 - Penalty Minutes : 25
Official
Referees : Rooney Chris and McCreary Bill
Linesman : Brian Murphy and Pierre Racicot
Game Notes
Zac Rinaldo beats up Michael Raffl at 4:03 of 2nd period
13:38 of 3rd period - Saguenéens goal is going for a video replay. After video review, No Goal. The net was displaced accidentally.
Finance
Level 1 -- Attendance: 1723 (86.15%) -- Ticket Income $56,859
Level 2 -- Attendance: 937 (93.70%) -- Ticket Income $16,866
Total Attendance: 2660 (88.67%)
Total Ticket Income: $73,725
Other Income: $3,686
Total Income: $77,411
Saguenéens
5 vs 5 Forward
Center Left Wing Right Wing Time % Phy DF OF
1 Zac Rinaldo Mason Raymond Carson Mcmillan 40 1 2 2
2 Juraj Mikus Carl Hagelin Nikita Kucherov 30 1 2 2
3 Henrik Samuelsson Craig Cunningham Rhett Rakhshani 20 1 2 2
4 Mikhail Grigorenko Teemu Pulkkinen Jerry D'Amigo 10 1 2 2
5 vs 5 Defense
Defense Defense Time % Phy DF OF
1 Brett Lebda Luke Witkowski 40 1 2 2
2 Jake McCabe Nick Mattson 30 1 2 2
3 Patrick Sieloff Calle Andersson 20 1 2 2
4 Nicholas Walters Brett Lebda 10 1 2 2
PowerPlay Forward
Center Left Wing Right Wing Time % Phy DF OF
1 Zac Rinaldo Mason Raymond Carson Mcmillan 60 1 2 2
2 Juraj Mikus Carl Hagelin Nikita Kucherov 40 1 2 2
PowerPlay Defense
Defense Defense Time % Phy DF OF
1 Brett Lebda Luke Witkowski 60 1 2 2
2 Jake McCabe Nick Mattson 40 1 2 2
Penalty Kill 4 Players Forward
Center Wing Time % Phy DF OF
1 Carson Mcmillan Mason Raymond 60 1 2 2
2 Nikita Kucherov Zac Rinaldo 40 1 2 2
Penalty Kill 4 Players Defense
Defense Defense Time % Phy DF OF
1 Brett Lebda Luke Witkowski 60 1 2 2
2 Jake McCabe Nick Mattson 40 1 2 2
Penalty Kill - 3 Players Forward
Forward Time % Phy DF OF
1 Carson Mcmillan 60 1 2 2
2 Mason Raymond 40 1 2 2
Penalty Kill - 3 Players Defense
Defense Defense Time % Phy DF OF
1 Brett Lebda Luke Witkowski 60 1 2 2
2 Jake McCabe Nick Mattson 40 1 2 2
4 vs 4 Forward
Center Wing Time % Phy DF OF
1 Carson Mcmillan Mason Raymond 60 1 2 2
2 Nikita Kucherov Zac Rinaldo 40 1 2 2
4 vs 4 Defense
Defense Defense Time % Phy DF OF
1 Brett Lebda Luke Witkowski 60 1 2 2
2 Jake McCabe Nick Mattson 40 1 2 2
Last Minutes Offensive
Center Left Wing Right Wing Defense Defense
Zac Rinaldo Mason Raymond Carson Mcmillan Brett Lebda Luke Witkowski
Last Minutes Defensive
Center Left Wing Right Wing Defense Defense
Zac Rinaldo Mason Raymond Carson Mcmillan Brett Lebda Luke Witkowski
Goaltenders
Starting : Martin Jones
Backup : Mike Smith
Extra Forwards
Normal : Rhett Rakhshani, Craig Cunningham, Teemu Pulkkinen - PP : Rhett Rakhshani, Craig Cunningham - PK : Teemu Pulkkinen
Extra Defensemen
Normal : Patrick Sieloff, Calle Andersson, Nicholas Walters - PP : Patrick Sieloff - PK : Calle Andersson, Nicholas Walters
Penalty Shots
Carson Mcmillan, Mason Raymond, Nikita Kucherov, Zac Rinaldo, Carl Hagelin
Scratches
Garret Sparks (Healthy)
Knights
5 vs 5 Forward
Center Left Wing Right Wing Time % Phy DF OF
1 Cody Bass Michael Raffl Jimmy Hayes 40 1 2 2
2 Noel Acciari A.J. Jenks Kevin Hayes 30 1 1 3
3 Brendan Gaunce Scott Wilson Linden Vey 15 0 2 3
4 Stefan Matteau Jordan Martinook Tom Wilson 15 1 2 2
5 vs 5 Defense
Defense Defense Time % Phy DF OF
1 Tomas Kundratek Jared Spurgeon 40 1 2 2
2 Nikita Nikitin Jacob Trouba 30 1 2 2
3 Scott Jackson Zach Trotman 20 0 3 2
4 Jacob Trouba Jared Spurgeon 10 1 2 2
PowerPlay Forward
Center Left Wing Right Wing Time % Phy DF OF
1 Cody Bass Michael Raffl Jimmy Hayes 60 1 1 3
2 Noel Acciari Linden Vey Kevin Hayes 40 1 1 3
PowerPlay Defense
Defense Defense Time % Phy DF OF
1 Jared Spurgeon Nikita Nikitin 60 0 2 3
2 Tomas Kundratek Scott Jackson 40 0 2 3
Penalty Kill 4 Players Forward
Center Wing Time % Phy DF OF
1 Cody Bass Michael Raffl 60 1 3 1
2 Jimmy Hayes Kevin Hayes 40 1 3 1
Penalty Kill 4 Players Defense
Defense Defense Time % Phy DF OF
1 Jared Spurgeon Zach Trotman 60 1 3 1
2 Scott Jackson Jacob Trouba 40 1 3 1
Penalty Kill - 3 Players Forward
Forward Time % Phy DF OF
1 Noel Acciari 60 0 4 1
2 Kevin Hayes 40 0 4 1
Penalty Kill - 3 Players Defense
Defense Defense Time % Phy DF OF
1 Jared Spurgeon Zach Trotman 60 1 3 1
2 Jacob Trouba Tomas Kundratek 40 1 3 1
4 vs 4 Forward
Center Wing Time % Phy DF OF
1 Noel Acciari Michael Raffl 60 1 2 2
2 Cody Bass Kevin Hayes 40 1 2 2
4 vs 4 Defense
Defense Defense Time % Phy DF OF
1 Nikita Nikitin Jared Spurgeon 60 1 2 2
2 Jacob Trouba Tomas Kundratek 40 1 2 2
Last Minutes Offensive
Center Left Wing Right Wing Defense Defense
Cody Bass Michael Raffl Jimmy Hayes Jared Spurgeon Nikita Nikitin
Last Minutes Defensive
Center Left Wing Right Wing Defense Defense
Cody Bass Michael Raffl Kevin Hayes Jared Spurgeon Tomas Kundratek
Goaltenders
Starting : Magnus Hellberg
Backup : Ben Scrivens
Extra Forwards
Normal : Tom Wilson, Noel Acciari, Michael Raffl - PP : Tom Wilson, Michael Raffl - PK : Michael Raffl
Extra Defensemen
Normal : Jared Spurgeon, Nikita Nikitin, Jacob Trouba - PP : Jared Spurgeon - PK : Jared Spurgeon, Jacob Trouba
Penalty Shots
Michael Raffl, Noel Acciari, Linden Vey, Tom Wilson, Kevin Hayes
Scratches
Alan Quine (Healthy), Zach Budish (Healthy), Jordan Weal (Healthy), Collin Miller (Bruised Right Foot Injury), Michael Matheson (Fractured Bone in Right Hand Injury)
Matt Puempel (Healthy), Jaccob Slavin (Head Injury), David Shields (Healthy), Matthew Benning (Healthy), Matt Grzelcyk (Healthy)
Brett Connolly (Healthy), Travis Boyd (Healthy), Connor Knapp (Healthy)
% Time on Ice - Saguenéens
Lines # - Real PCT - Wanted PCT - Time Play
Normal Forward
1 - 34% - 40% - 12:18
2 - 26% - 30% - 9:19
3 - 23% - 20% - 8:06
4 - 17% - 10% - 6:06
Normal Defense
1 - 35% - 40% - 12:29
2 - 31% - 30% - 11:07
3 - 27% - 20% - 9:32
4 - 7% - 10% - 2:41
PP Forward
1 - 55% - 60% - 9:16
2 - 45% - 40% - 7:31
PP Defense
1 - 59% - 60% - 9:53
2 - 41% - 40% - 6:54
PK Forward
1 - 74% - 60% - 5:28
2 - 26% - 40% - 1:56
PK Defense
1 - 66% - 60% - 4:51
2 - 34% - 40% - 2:33
PK3 Forward
1 - 0% - 60%
2 - 0% - 40%
PK3 Defense
1 - 0% - 60%
2 - 0% - 40%
44 Forward
1 - 0% - 60%
2 - 0% - 40%
44 Defense
1 - 0% - 60%
2 - 0% - 40%
Last Minute Offensive - 0:00
Last Minute Defensive - 0:00
Total
Forward - 60:00
Defense - 60:00
|
% Time on Ice - Knights
Lines # - Real PCT - Wanted PCT - Time Play
Normal Forward
1 - 34% - 40% - 12:18
2 - 27% - 30% - 9:41
3 - 17% - 15% - 6:07
4 - 22% - 15% - 7:43
Normal Defense
1 - 44% - 40% - 15:49
2 - 31% - 30% - 11:03
3 - 21% - 20% - 7:24
4 - 4% - 10% - 1:33
PP Forward
1 - 58% - 60% - 4:16
2 - 42% - 40% - 3:08
PP Defense
1 - 65% - 60% - 4:47
2 - 35% - 40% - 2:37
PK Forward
1 - 70% - 60% - 11:42
2 - 30% - 40% - 5:05
PK Defense
1 - 55% - 60% - 9:10
2 - 45% - 40% - 7:37
PK3 Forward
1 - 0% - 60%
2 - 0% - 40%
PK3 Defense
1 - 0% - 60%
2 - 0% - 40%
44 Forward
1 - 0% - 60%
2 - 0% - 40%
44 Defense
1 - 0% - 60%
2 - 0% - 40%
Last Minute Offensive - 0:00
Last Minute Defensive - 0:00
Total
Forward - 60:00
Defense - 60:00
|
Play by Play
1st period
0:01 of 1st period - Zac Rinaldo wins face-off versus Cody Bass in neutral zone.
0:14 of 1st period - Slapshot by Jimmy Hayes.
0:14 of 1st period - Stopped by Martin Jones with a rebound.
0:16 of 1st period - Snap shot by Jared Spurgeon.
0:16 of 1st period - Shot Blocked by Brett Lebda.
0:50 of 1st period - Rhett Rakhshani is hit by Jordan Martinook and loses puck.
0:59 of 1st period - Backhand shot by Stefan Matteau.
0:59 of 1st period - Deflect By Tom Wilson.
0:59 of 1st period - Stopped by Martin Jones without a rebound.
1:00 of 1st period - Brendan Gaunce wins face-off versus Mikhail Grigorenko in Saguenéens zone.
1:09 of 1st period - Wrist shot by Brendan Gaunce.
1:09 of 1st period - Deflect By Jake McCabe.
1:09 of 1st period - Stopped by Martin Jones with a rebound.
1:27 of 1st period - Cody Bass is hit by Mason Raymond and loses puck.
1:34 of 1st period - Slapshot by Carson Mcmillan.
1:34 of 1st period - Shot Misses the Net.
1:36 of 1st period - Slapshot by Patrick Sieloff.
1:36 of 1st period - Shot Misses the Net.
1:38 of 1st period - Wrist shot by Mason Raymond.
1:38 of 1st period - Stopped by Magnus Hellberg without a rebound.
1:39 of 1st period - Noel Acciari wins face-off versus Juraj Mikus in Knights zone.
1:44 of 1st period - Wrist shot by Kevin Hayes.
1:44 of 1st period - Shot Misses the Net.
1:46 of 1st period - Slapshot by Jared Spurgeon.
1:46 of 1st period - Stopped by Martin Jones with a rebound.
2:38 of 1st period - Snap shot by Stefan Matteau.
2:38 of 1st period - Shot Misses the Net.
3:14 of 1st period - Snap shot by Jimmy Hayes.
3:14 of 1st period - Stopped by Martin Jones without a rebound.
3:15 of 1st period - Cody Bass wins face-off versus Juraj Mikus in Saguenéens zone.
3:52 of 1st period - Snap shot by Craig Cunningham.
3:52 of 1st period - Deflect By Zach Trotman.
3:52 of 1st period - Stopped by Magnus Hellberg without a rebound.
3:53 of 1st period - Mikhail Grigorenko wins face-off versus Stefan Matteau in Knights zone.
4:47 of 1st period - Wrist shot by Mason Raymond.
4:47 of 1st period - Shot Misses the Net.
5:05 of 1st period - Wrist shot by Craig Cunningham.
5:05 of 1st period - Stopped by Magnus Hellberg with a rebound.
5:21 of 1st period - Zach Trotman is hit by Nick Mattson and loses puck.
5:28 of 1st period - Snap shot by Teemu Pulkkinen.
5:28 of 1st period - Shot Blocked by Zach Trotman.
5:30 of 1st period - Slapshot by Nick Mattson.
5:30 of 1st period - Shot Hit the Post.
5:44 of 1st period - Icing by Nikita Kucherov.
5:45 of 1st period - Jimmy Hayes wins face-off versus Juraj Mikus in Saguenéens zone.
5:47 of 1st period - Minor Penalty to Jimmy Hayes for High sticking.
5:48 of 1st period - Cody Bass wins face-off versus Zac Rinaldo in Knights zone.
6:49 of 1st period - Carson Mcmillan is hit by Kevin Hayes.
7:47 of 1st period - Penalty to Jimmy Hayes is over, Jimmy Hayes is back on ice.
8:06 of 1st period - Snap shot by Michael Raffl.
8:06 of 1st period - Stopped by Martin Jones without a rebound.
8:07 of 1st period - Teemu Pulkkinen wins face-off versus Brendan Gaunce in Saguenéens zone.
8:23 of 1st period - Slapshot by Teemu Pulkkinen.
8:23 of 1st period - Shot Misses the Net.
8:32 of 1st period - Minor Penalty to Patrick Sieloff for Delaying the game.
8:33 of 1st period - Cody Bass wins face-off versus Carson Mcmillan in Saguenéens zone.
8:33 of 1st period - Slapshot by Michael Raffl.
8:33 of 1st period - Stopped by Martin Jones without a rebound.
8:34 of 1st period - Carson Mcmillan wins face-off versus Cody Bass in Saguenéens zone.
8:34 of 1st period - Carson Mcmillan is hit by Michael Raffl.
10:06 of 1st period - Nikita Nikitin is hit by Nikita Kucherov and loses puck.
10:13 of 1st period - Brett Lebda is hit by Kevin Hayes and loses puck.
10:32 of 1st period - Penalty to Patrick Sieloff is over, Patrick Sieloff is back on ice.
10:40 of 1st period - Jake McCabe is hit by Tomas Kundratek and loses puck.
11:05 of 1st period - Snap shot by Carl Hagelin.
11:05 of 1st period - Shot Blocked by Jacob Trouba.
11:07 of 1st period - Snap shot by Juraj Mikus.
11:07 of 1st period - Stopped by Magnus Hellberg with a rebound.
11:25 of 1st period - Tomas Kundratek is hit by Zac Rinaldo and loses puck.
12:16 of 1st period - Jacob Trouba is hit by Mason Raymond and loses puck.
12:27 of 1st period - Noel Acciari is hit by Juraj Mikus and loses puck.
13:06 of 1st period - Slapshot by Mason Raymond.
13:06 of 1st period - Deflect By Nikita Kucherov.
13:06 of 1st period - Shot Blocked by Tomas Kundratek.
13:06 of 1st period - Puck is out of play.
13:07 of 1st period - Juraj Mikus wins face-off versus Stefan Matteau in Knights zone.
13:10 of 1st period - Wrist shot by Juraj Mikus.
13:10 of 1st period - Shot Blocked by Jared Spurgeon.
13:12 of 1st period - Slapshot by Jake McCabe.
13:12 of 1st period - Shot Misses the Net.
13:14 of 1st period - Wrist shot by Juraj Mikus.
13:14 of 1st period - Stopped by Magnus Hellberg with a rebound.
13:16 of 1st period - Slapshot by Jake McCabe.
13:16 of 1st period - Shot Misses the Net.
13:18 of 1st period - Slapshot by Nick Mattson.
13:18 of 1st period - Deflect By Jared Spurgeon.
13:18 of 1st period - Stopped by Magnus Hellberg with a rebound.
13:38 of 1st period - Snap shot by Mason Raymond.
13:38 of 1st period - Stopped by Magnus Hellberg without a rebound.
13:39 of 1st period - Cody Bass wins face-off versus Henrik Samuelsson in Knights zone.
13:39 of 1st period - Cody Bass is hit by Craig Cunningham.
13:42 of 1st period - Minor Penalty to Jacob Trouba for Hooking.
13:43 of 1st period - Cody Bass wins face-off versus Mason Raymond in Knights zone.
13:59 of 1st period - Slapshot by Zac Rinaldo.
13:59 of 1st period - Shot Blocked by Cody Bass.
14:25 of 1st period - Jimmy Hayes is hit by Mason Raymond and loses puck.
15:42 of 1st period - Penalty to Jacob Trouba is over, Jacob Trouba is back on ice.
15:52 of 1st period - Wrist shot by Stefan Matteau.
15:52 of 1st period - Stopped by Martin Jones with a rebound.
16:17 of 1st period - Patrick Sieloff is hit by A.J. Jenks and loses puck.
16:30 of 1st period - Scott Jackson is hit by Henrik Samuelsson and loses puck.
16:41 of 1st period - Teemu Pulkkinen is hit by Cody Bass and loses puck.
17:13 of 1st period - Mason Raymond is hit by Jacob Trouba and loses puck.
17:47 of 1st period - Brett Lebda is hit by Cody Bass and loses puck.
18:07 of 1st period - Icing by Luke Witkowski.
18:08 of 1st period - Mikhail Grigorenko wins face-off versus Stefan Matteau in Saguenéens zone.
18:08 of 1st period - Mikhail Grigorenko is hit by Nikita Nikitin.
18:19 of 1st period - Minor Penalty to Jordan Martinook for Elbowing.
18:20 of 1st period - Cody Bass wins face-off versus Zac Rinaldo in Knights zone.
18:28 of 1st period - Jared Spurgeon is hit by Mason Raymond and loses puck.
18:47 of 1st period - Carl Hagelin is hit by Jimmy Hayes and loses puck.
19:27 of 1st period - Off-side.
19:28 of 1st period - Zac Rinaldo wins face-off versus Jimmy Hayes in neutral zone.
Goals for this period are 0 for Saguenéens vs 0 for Knights.
Shots for this period are 7 for Saguenéens vs 8 for Knights.
2nd period
0:01 of 2nd period - Zac Rinaldo wins face-off versus Cody Bass in neutral zone.
0:19 of 2nd period - Penalty to Jordan Martinook is over, Jordan Martinook is back on ice.
0:31 of 2nd period - Slapshot by A.J. Jenks.
0:31 of 2nd period - Stopped by Martin Jones without a rebound.
0:32 of 2nd period - Noel Acciari wins face-off versus Juraj Mikus in Saguenéens zone.
0:41 of 2nd period - A.J. Jenks is hit by Carl Hagelin and loses puck.
1:03 of 2nd period - Slapshot by Carson Mcmillan.
1:03 of 2nd period - Stopped by Magnus Hellberg with a rebound.
1:10 of 2nd period - Off-side.
1:11 of 2nd period - Zac Rinaldo wins face-off versus Noel Acciari in neutral zone.
1:26 of 2nd period - Wrist shot by Carson Mcmillan.
1:26 of 2nd period - Stopped by Magnus Hellberg with a rebound.
2:01 of 2nd period - Snap shot by Linden Vey.
2:01 of 2nd period - Stopped by Martin Jones with a rebound.
2:03 of 2nd period - Slapshot by Tomas Kundratek.
2:03 of 2nd period - Shot Blocked by Patrick Sieloff.
2:05 of 2nd period - Snap shot by Tomas Kundratek.
2:05 of 2nd period - Deflect By Scott Wilson.
2:05 of 2nd period - Stopped by Martin Jones with a rebound.
2:07 of 2nd period - Slapshot by Jared Spurgeon.
2:07 of 2nd period - Stopped by Martin Jones with a rebound.
2:27 of 2nd period - Wrist shot by Carson Mcmillan.
2:27 of 2nd period - Stopped by Magnus Hellberg with a rebound.
2:48 of 2nd period - Noel Acciari is hit by Rhett Rakhshani and loses puck.
2:59 of 2nd period - Snap shot by Carl Hagelin.
2:59 of 2nd period - Stopped by Magnus Hellberg without a rebound.
3:00 of 2nd period - Juraj Mikus wins face-off versus Cody Bass in Knights zone.
3:01 of 2nd period - Slapshot by Nikita Kucherov.
3:01 of 2nd period - Shot Blocked by Cody Bass.
3:07 of 2nd period - Cody Bass is hit by Nikita Kucherov and loses puck.
3:26 of 2nd period - Kevin Hayes is hit by Carson Mcmillan and loses puck.
3:50 of 2nd period - Snap shot by Teemu Pulkkinen.
3:50 of 2nd period - Shot Blocked by Linden Vey.
3:52 of 2nd period - Snap shot by Jerry D'Amigo.
3:52 of 2nd period - Stopped by Magnus Hellberg with a rebound.
3:54 of 2nd period - Slapshot by Nick Mattson.
3:54 of 2nd period - Stopped by Magnus Hellberg without a rebound.
3:55 of 2nd period - Zac Rinaldo wins face-off versus Cody Bass in Knights zone.
3:58 of 2nd period - Wrist shot by Mason Raymond.
3:58 of 2nd period - Shot Misses the Net.
4:03 of 2nd period - Zac Rinaldo beats up Michael Raffl.
4:03 of 2nd period - Penalty to Michael Raffl for Fighting.
4:03 of 2nd period - Penalty to Zac Rinaldo for Fighting.
4:04 of 2nd period - Cody Bass wins face-off versus Rhett Rakhshani in Knights zone.
4:11 of 2nd period - Snap shot by Jared Spurgeon.
4:11 of 2nd period - Stopped by Martin Jones without a rebound.
4:12 of 2nd period - Jimmy Hayes wins face-off versus Rhett Rakhshani in Saguenéens zone.
4:13 of 2nd period - Wrist shot by Cody Bass.
4:13 of 2nd period - Shot Misses the Net.
4:15 of 2nd period - Slapshot by Jared Spurgeon.
4:15 of 2nd period - Shot Misses the Net.
4:17 of 2nd period - Wrist shot by Tomas Kundratek.
4:17 of 2nd period - Stopped by Martin Jones without a rebound.
4:17 of 2nd period - Minor Penalty to Martin Jones for Slashing.
4:18 of 2nd period - Cody Bass wins face-off versus Carson Mcmillan in Saguenéens zone.
5:29 of 2nd period - Icing by Jared Spurgeon.
5:30 of 2nd period - Cody Bass wins face-off versus Mikhail Grigorenko in Knights zone.
6:17 of 2nd period - Penalty to Brett Lebda is over, Brett Lebda is back on ice.
8:06 of 2nd period - Snap shot by Teemu Pulkkinen.
8:06 of 2nd period - Shot Misses the Net.
8:59 of 2nd period - Mason Raymond is hit by Cody Bass and loses puck.
9:10 of 2nd period - Minor Penalty to A.J. Jenks for High sticking.
9:11 of 2nd period - Cody Bass wins face-off versus Zac Rinaldo in Knights zone.
9:11 of 2nd period - Cody Bass is hit by Carson Mcmillan.
9:21 of 2nd period - Snap shot by Jake McCabe.
9:21 of 2nd period - Shot Blocked by Michael Raffl.
9:23 of 2nd period - Snap shot by Carson Mcmillan.
9:23 of 2nd period - Shot Misses the Net.
9:25 of 2nd period - Slapshot by Jake McCabe.
9:25 of 2nd period - Stopped by Magnus Hellberg with a rebound.
9:27 of 2nd period - Snap shot by Carson Mcmillan.
9:27 of 2nd period - Goal by Carson Mcmillan - Saguenéens : 1 - Knights : 0.
9:28 of 2nd period - Cody Bass wins face-off versus Zac Rinaldo in neutral zone.
9:30 of 2nd period - Off-side.
9:31 of 2nd period - Cody Bass wins face-off versus Zac Rinaldo in neutral zone.
9:56 of 2nd period - Snap shot by Craig Cunningham.
9:56 of 2nd period - Shot Blocked by Jimmy Hayes.
9:58 of 2nd period - Snap shot by Craig Cunningham.
9:58 of 2nd period - Stopped by Magnus Hellberg with a rebound.
10:00 of 2nd period - Slapshot by Brett Lebda.
10:00 of 2nd period - Stopped by Magnus Hellberg with a rebound.
10:02 of 2nd period - Wrist shot by Rhett Rakhshani.
10:02 of 2nd period - Stopped by Magnus Hellberg without a rebound.
10:03 of 2nd period - Henrik Samuelsson wins face-off versus Noel Acciari in Knights zone.
10:07 of 2nd period - Minor Penalty to Noel Acciari for Holding.
10:08 of 2nd period - Zac Rinaldo wins face-off versus Cody Bass in Knights zone.
10:34 of 2nd period - Cody Bass is hit by Nikita Kucherov and loses puck.
10:43 of 2nd period - Snap shot by Nikita Kucherov.
10:43 of 2nd period - Shot Misses the Net.
10:45 of 2nd period - Wrist shot by Jake McCabe.
10:45 of 2nd period - Goal by Jake McCabe - Saguenéens : 2 - Knights : 0.
10:46 of 2nd period - Noel Acciari wins face-off versus Zac Rinaldo in neutral zone.
10:46 of 2nd period - Noel Acciari is hit by Mason Raymond.
10:50 of 2nd period - Wrist shot by Kevin Hayes.
10:50 of 2nd period - Shot Blocked by Luke Witkowski.
10:52 of 2nd period - Backhand shot by Noel Acciari.
10:52 of 2nd period - Stopped by Martin Jones with a rebound.
10:54 of 2nd period - Slapshot by Tomas Kundratek.
10:54 of 2nd period - Stopped by Martin Jones with a rebound.
10:56 of 2nd period - Snap shot by Jared Spurgeon.
10:56 of 2nd period - Stopped by Martin Jones with a rebound.
10:58 of 2nd period - Slapshot by Jared Spurgeon.
10:58 of 2nd period - Shot Misses the Net.
11:00 of 2nd period - Backhand shot by A.J. Jenks.
11:00 of 2nd period - Shot Misses the Net.
11:02 of 2nd period - Slapshot by Tomas Kundratek.
11:02 of 2nd period - Shot Blocked by Luke Witkowski.
11:08 of 2nd period - Minor Penalty to Zac Rinaldo for Boarding.
11:09 of 2nd period - Carson Mcmillan wins face-off versus Michael Raffl in Saguenéens zone.
11:20 of 2nd period - Wrist shot by Mason Raymond.
11:20 of 2nd period - Shot Misses the Net.
11:32 of 2nd period - Carson Mcmillan is hit by Michael Raffl and loses puck.
11:37 of 2nd period - Snap shot by Jimmy Hayes.
11:37 of 2nd period - Shot Blocked by Luke Witkowski.
11:39 of 2nd period - Slapshot by Jared Spurgeon.
11:39 of 2nd period - Shot Misses the Net.
11:41 of 2nd period - Wrist shot by Jimmy Hayes.
11:41 of 2nd period - Stopped by Martin Jones with a rebound.
11:47 of 2nd period - Snap shot by Jimmy Hayes.
11:47 of 2nd period - Shot Misses the Net.
11:49 of 2nd period - Slapshot by Jimmy Hayes.
11:49 of 2nd period - Shot Misses the Net.
11:51 of 2nd period - Wrist shot by Michael Raffl.
11:51 of 2nd period - Goal by Michael Raffl - Saguenéens : 2 - Knights : 1.
11:52 of 2nd period - Noel Acciari wins face-off versus Juraj Mikus in neutral zone.
12:17 of 2nd period - Tomas Kundratek is hit by Mason Raymond.
12:37 of 2nd period - Snap shot by Jerry D'Amigo.
12:37 of 2nd period - Shot Misses the Net.
13:33 of 2nd period - Snap shot by Kevin Hayes.
13:33 of 2nd period - Shot Misses the Net.
14:03 of 2nd period - Carson Mcmillan is hit by Scott Wilson and loses puck.
14:15 of 2nd period - Icing by Jared Spurgeon.
14:16 of 2nd period - Nikita Kucherov wins face-off versus Linden Vey in Knights zone.
14:18 of 2nd period - Minor Penalty to Carl Hagelin for Holding.
14:19 of 2nd period - Carson Mcmillan wins face-off versus Cody Bass in Saguenéens zone.
14:34 of 2nd period - Off-side.
14:35 of 2nd period - Cody Bass wins face-off versus Carson Mcmillan in neutral zone.
14:44 of 2nd period - Slapshot by Jared Spurgeon.
14:44 of 2nd period - Shot Misses the Net.
15:13 of 2nd period - Zac Rinaldo is hit by Michael Raffl and loses puck.
16:18 of 2nd period - Penalty to Carl Hagelin is over, Carl Hagelin is back on ice.
16:32 of 2nd period - Wrist shot by Stefan Matteau.
16:32 of 2nd period - Shot Blocked by Carl Hagelin.
16:34 of 2nd period - Slapshot by Jacob Trouba.
16:34 of 2nd period - Deflect By Jordan Martinook.
16:34 of 2nd period - Stopped by Martin Jones with a rebound.
16:36 of 2nd period - Slapshot by Stefan Matteau.
16:36 of 2nd period - Stopped by Martin Jones with a rebound.
16:43 of 2nd period - Minor Penalty to Stefan Matteau for Hooking.
16:44 of 2nd period - Cody Bass wins face-off versus Carson Mcmillan in Knights zone.
16:44 of 2nd period - Cody Bass is hit by Mason Raymond.
18:43 of 2nd period - Penalty to Stefan Matteau is over, Stefan Matteau is back on ice.
18:54 of 2nd period - Snap shot by Craig Cunningham.
18:54 of 2nd period - Stopped by Magnus Hellberg with a rebound.
18:56 of 2nd period - Wrist shot by Rhett Rakhshani.
18:56 of 2nd period - Shot Misses the Net.
18:58 of 2nd period - Snap shot by Patrick Sieloff.
18:58 of 2nd period - Stopped by Magnus Hellberg with a rebound.
19:25 of 2nd period - Icing by Henrik Samuelsson.
19:26 of 2nd period - Henrik Samuelsson wins face-off versus Stefan Matteau in Saguenéens zone.
19:26 of 2nd period - Henrik Samuelsson is hit by Nikita Nikitin.
19:37 of 2nd period - Snap shot by Henrik Samuelsson.
19:37 of 2nd period - Shot Blocked by Jacob Trouba.
19:39 of 2nd period - Snap shot by Rhett Rakhshani.
19:39 of 2nd period - Shot Misses the Net.
19:53 of 2nd period - Snap shot by A.J. Jenks.
19:53 of 2nd period - Shot Blocked by Jake McCabe.
Goals for this period are 2 for Saguenéens vs 1 for Knights.
Shots for this period are 14 for Saguenéens vs 13 for Knights.
3rd period
0:01 of 3rd period - Zac Rinaldo wins face-off versus Michael Raffl in neutral zone.
0:14 of 3rd period - Wrist shot by Jimmy Hayes.
0:14 of 3rd period - Stopped by Martin Jones with a rebound.
0:16 of 3rd period - Slapshot by Tomas Kundratek.
0:16 of 3rd period - Deflect By Jimmy Hayes.
0:16 of 3rd period - Shot Misses the Net.
0:16 of 3rd period - Puck is out of play.
0:17 of 3rd period - Noel Acciari wins face-off versus Juraj Mikus in Saguenéens zone.
0:44 of 3rd period - Carson Mcmillan is hit by Jimmy Hayes and loses puck.
0:55 of 3rd period - Slapshot by Zac Rinaldo.
0:55 of 3rd period - Shot Misses the Net.
1:01 of 3rd period - Minor Penalty to Tomas Kundratek for Roughing.
1:02 of 3rd period - Cody Bass wins face-off versus Zac Rinaldo in Knights zone.
1:09 of 3rd period - Slapshot by Mason Raymond.
1:09 of 3rd period - Stopped by Magnus Hellberg with a rebound.
1:11 of 3rd period - Snap shot by Brett Lebda.
1:11 of 3rd period - Shot Blocked by Zach Trotman.
2:30 of 3rd period - Carson Mcmillan is hit by Michael Raffl and loses puck.
2:43 of 3rd period - Jared Spurgeon is hit by Brett Lebda and loses puck.
3:01 of 3rd period - Penalty to Tomas Kundratek is over, Tomas Kundratek is back on ice.
3:08 of 3rd period - Scott Jackson is hit by Patrick Sieloff and loses puck.
3:15 of 3rd period - Slapshot by Jacob Trouba.
3:15 of 3rd period - Stopped by Martin Jones without a rebound.
3:16 of 3rd period - Henrik Samuelsson wins face-off versus Stefan Matteau in Saguenéens zone.
3:44 of 3rd period - Minor Penalty to A.J. Jenks for Interference.
3:45 of 3rd period - Cody Bass wins face-off versus Zac Rinaldo in Knights zone.
4:11 of 3rd period - Icing by Luke Witkowski.
4:12 of 3rd period - Cody Bass wins face-off versus Nikita Kucherov in Saguenéens zone.
5:44 of 3rd period - Penalty to A.J. Jenks is over, A.J. Jenks is back on ice.
5:59 of 3rd period - Snap shot by Michael Raffl.
5:59 of 3rd period - Stopped by Martin Jones with a rebound.
6:01 of 3rd period - Slapshot by Nikita Nikitin.
6:01 of 3rd period - Shot Misses the Net.
6:03 of 3rd period - Slapshot by Jacob Trouba.
6:03 of 3rd period - Stopped by Martin Jones with a rebound.
6:07 of 3rd period - Snap shot by Michael Raffl.
6:07 of 3rd period - Stopped by Martin Jones with a rebound.
6:09 of 3rd period - Slapshot by Michael Raffl.
6:09 of 3rd period - Stopped by Martin Jones with a rebound.
6:11 of 3rd period - Slapshot by Nikita Nikitin.
6:11 of 3rd period - Stopped by Martin Jones with a rebound.
6:13 of 3rd period - Snap shot by A.J. Jenks.
6:13 of 3rd period - Stopped by Martin Jones with a rebound.
6:29 of 3rd period - Snap shot by A.J. Jenks.
6:29 of 3rd period - Shot Misses the Net.
6:31 of 3rd period - Wrist shot by Cody Bass.
6:31 of 3rd period - Shot Misses the Net.
6:33 of 3rd period - Slapshot by Zach Trotman.
6:33 of 3rd period - Stopped by Martin Jones without a rebound.
6:34 of 3rd period - Juraj Mikus wins face-off versus Brendan Gaunce in Saguenéens zone.
6:36 of 3rd period - Minor Penalty to Nick Mattson for Roughing.
6:37 of 3rd period - Noel Acciari wins face-off versus Carson Mcmillan in Saguenéens zone.
6:37 of 3rd period - Wrist shot by Kevin Hayes.
6:37 of 3rd period - Stopped by Martin Jones with a rebound.
6:39 of 3rd period - Snap shot by Linden Vey.
6:39 of 3rd period - Shot Blocked by Calle Andersson.
6:41 of 3rd period - Slapshot by Noel Acciari.
6:41 of 3rd period - Shot Misses the Net.
6:43 of 3rd period - Slapshot by Nikita Nikitin.
6:43 of 3rd period - Stopped by Martin Jones with a rebound.
6:45 of 3rd period - Snap shot by Linden Vey.
6:45 of 3rd period - Goal by Linden Vey - Saguenéens : 2 - Knights : 2.
6:46 of 3rd period - Zac Rinaldo wins face-off versus Noel Acciari in neutral zone.
6:55 of 3rd period - Luke Witkowski is hit by Noel Acciari and loses puck.
7:13 of 3rd period - Minor Penalty to Cody Bass for High sticking.
7:14 of 3rd period - Noel Acciari wins face-off versus Mason Raymond in Knights zone.
7:14 of 3rd period - Noel Acciari is hit by Luke Witkowski.
9:13 of 3rd period - Penalty to Cody Bass is over, Cody Bass is back on ice.
9:21 of 3rd period - Snap shot by Jordan Martinook.
9:21 of 3rd period - Stopped by Martin Jones with a rebound.
9:57 of 3rd period - Snap shot by Jerry D'Amigo.
9:57 of 3rd period - Goal by Jerry D'Amigo - Saguenéens : 3 - Knights : 2.
9:58 of 3rd period - Zac Rinaldo wins face-off versus Cody Bass in neutral zone.
11:01 of 3rd period - Snap shot by Jordan Martinook.
11:01 of 3rd period - Shot Blocked by Nick Mattson.
11:27 of 3rd period - Slapshot by Jimmy Hayes.
11:27 of 3rd period - Stopped by Martin Jones with a rebound.
11:29 of 3rd period - Snap shot by Cody Bass.
11:29 of 3rd period - Shot Hit the Post.
11:31 of 3rd period - Slapshot by Zach Trotman.
11:31 of 3rd period - Shot Blocked by Brett Lebda.
12:00 of 3rd period - Wrist shot by Juraj Mikus.
12:00 of 3rd period - Goal by Juraj Mikus - Saguenéens : 4 - Knights : 2.
12:01 of 3rd period - Cody Bass wins face-off versus Carson Mcmillan in neutral zone.
12:33 of 3rd period - Slapshot by A.J. Jenks.
12:33 of 3rd period - Shot Misses the Net.
12:35 of 3rd period - Snap shot by Noel Acciari.
12:35 of 3rd period - Shot Misses the Net.
12:45 of 3rd period - Snap shot by Jordan Martinook.
12:45 of 3rd period - Shot Misses the Net.
12:47 of 3rd period - Slapshot by Jacob Trouba.
12:47 of 3rd period - Shot Misses the Net.
12:49 of 3rd period - Snap shot by Tom Wilson.
12:49 of 3rd period - Stopped by Martin Jones with a rebound.
12:57 of 3rd period - Snap shot by Carl Hagelin.
12:57 of 3rd period - Goal by Carl Hagelin - Saguenéens : 5 - Knights : 2.
12:58 of 3rd period - Zac Rinaldo wins face-off versus Cody Bass in neutral zone.
13:36 of 3rd period - Snap shot by Jake McCabe.
13:36 of 3rd period - Shot Misses the Net.
13:38 of 3rd period - Snap shot by Carson Mcmillan.
13:38 of 3rd period - Deflect By Zac Rinaldo.
13:38 of 3rd period - Saguenéens goal is going for a video replay.
13:38 of 3rd period - The goal is refused. The net was displaced accidentally..
13:39 of 3rd period - Cody Bass wins face-off versus Juraj Mikus in Knights zone.
14:06 of 3rd period - Rhett Rakhshani is hit by A.J. Jenks and loses puck.
14:34 of 3rd period - Snap shot by Jerry D'Amigo.
14:34 of 3rd period - Shot Misses the Net.
15:41 of 3rd period - Snap shot by Rhett Rakhshani.
15:41 of 3rd period - Deflect By Craig Cunningham.
15:41 of 3rd period - Stopped by Magnus Hellberg without a rebound.
15:42 of 3rd period - Cody Bass wins face-off versus Zac Rinaldo in Knights zone.
15:42 of 3rd period - Cody Bass is hit by Zac Rinaldo.
15:54 of 3rd period - Slapshot by Cody Bass.
15:54 of 3rd period - Shot Misses the Net.
15:56 of 3rd period - Slapshot by Jacob Trouba.
15:56 of 3rd period - Shot Blocked by Brett Lebda.
15:58 of 3rd period - Slapshot by Nikita Nikitin.
15:58 of 3rd period - Deflect By Cody Bass.
15:58 of 3rd period - Shot Misses the Net.
15:58 of 3rd period - Puck is out of play.
15:59 of 3rd period - Juraj Mikus wins face-off versus Noel Acciari in Saguenéens zone.
16:38 of 3rd period - Minor Penalty to Tomas Kundratek for Tripping.
16:39 of 3rd period - Zac Rinaldo wins face-off versus Cody Bass in Knights zone.
16:49 of 3rd period - Snap shot by Mason Raymond.
16:49 of 3rd period - Stopped by Magnus Hellberg with a rebound.
16:51 of 3rd period - Wrist shot by Zac Rinaldo.
16:51 of 3rd period - Stopped by Magnus Hellberg with a rebound.
16:53 of 3rd period - Snap shot by Jake McCabe.
16:53 of 3rd period - Stopped by Magnus Hellberg with a rebound.
16:55 of 3rd period - Wrist shot by Carson Mcmillan.
16:55 of 3rd period - Shot Blocked by Cody Bass.
18:07 of 3rd period - Michael Raffl is hit by Mason Raymond and loses puck.
18:38 of 3rd period - Penalty to Tomas Kundratek is over, Tomas Kundratek is back on ice.
18:44 of 3rd period - Backhand shot by Stefan Matteau.
18:44 of 3rd period - Stopped by Martin Jones without a rebound.
18:45 of 3rd period - Mikhail Grigorenko wins face-off versus Stefan Matteau in Saguenéens zone.
18:50 of 3rd period - Snap shot by Jerry D'Amigo.
18:50 of 3rd period - Goal by Jerry D'Amigo - Saguenéens : 6 - Knights : 2.
18:51 of 3rd period - Cody Bass wins face-off versus Carson Mcmillan in neutral zone.
19:22 of 3rd period - Snap shot by A.J. Jenks.
19:22 of 3rd period - Shot Hit the Post.
19:24 of 3rd period - Minor Penalty to Nick Mattson for Cross-checking.
19:25 of 3rd period - Carson Mcmillan wins face-off versus Cody Bass in Saguenéens zone.
19:25 of 3rd period - Carson Mcmillan is hit by Michael Raffl.
Goals for this period are 4 for Saguenéens vs 1 for Knights.
Shots for this period are 10 for Saguenéens vs 16 for Knights.
Back to the Top